 Dungeon Crawl Stone Soup version 0.29.0 (webtiles) character file.

Game seed: 11058737461481220282

34 Orban the Trooper (level 3, 0/26 (29) HPs)
             Began as a Demonspawn Berserker on Sept 1, 2022.
             Was a Follower of Trog.
             Slain by an orc
             ... wielding a +0 falchion
              (1 damage)
             ... on level 2 of the Dungeon.
             The game lasted 00:01:23 (1202 turns).

Orban the Trooper (Demonspawn Berserker)            Turns: 1202, Time: 00:01:23

HP:   0/26 (29)     AC:  2    Str: 19    XL:     3   Next: 14%
MP:   3/3           EV: 12    Int:  8    God:    Trog [*.....]
Gold: 51            SH:  0    Dex: 12    Spells: 2/2 levels left

rFire   . . .      SeeInvis .   a - +0 mace
rCold   . . .      Faith    .   (no shield)
rNeg    . . .      Spirit   .   b - +0 animal skin
rPois   .          Reflect  .   (no helmet)
rElec   .          Harm     .   (no cloak)
rCorr   .          Rampage  .   (no gloves)
Will    .....                   (no boots)
Stlth   +.........              (no amulet)
HPRegen 0.08/turn               (no ring)
MPRegen 0.08/turn               (no ring)

@: confused, on berserk cooldown, slowed, heavily drained, very slow
A: weakness stinger 1
a: Renounce Religion, Berserk


You were on level 2 of the Dungeon.
You worshipped Trog.
Trog was aware of your devotion.
You visited 1 branch of the dungeon, and saw 2 of its levels.

You collected 51 gold pieces.

Inventory:

Hand Weapons
 a - a +0 mace (weapon)
Armour
 b - a +0 animal skin (worn)
Scrolls
 d - a scroll of identify {unknown}
Potions
 c - a potion of lignification


   Skills:
 + Level 3.6 Fighting
 + Level 3.1 Maces & Flails
 + Level 1.8 Armour
 + Level 2.0 Dodging
 + Level 0.2 Stealth


You had 2 spell levels left.
You didn't know any spells.
Your spell library was empty.

Dungeon Overview and Level Annotations

Branches:
Dungeon (1/15)

Altars:


Innate Abilities, Weirdness & Mutations

You have a small tail.


Message History

You resist with significant effort.
A red film seems to cover your vision as you go berserk!
You feel yourself moving faster!
You feel mighty!
The orc throws a boomerang.
The boomerang misses you.
An orc comes into view. It is wielding a +0 falchion.
You feel a strong urge to attack something.
The orc wizard mumbles some strange words.
The orc wizard flickers and vanishes!
Deactivating autopickup; reactivate with Ctrl-A.
You feel your anger nearly subside.
You are no longer berserk.
You are exhausted.
You feel yourself slow down.
You hear some strange, mumbled words.
You are confused.
The orc closely misses you. The orc hits you with a +0 mace.
You are too confused!
You are too confused!
You are too confused!
You are too confused!
You are too confused!
You are too confused!
You are too confused!
The orc attacks as you move away! The orc hits you with a +0 falchion!
You hit the orc.
The orc is severely wounded.
Something hits you.
You feel drained. The orc barely misses you. The orc hits you with a +0 mace.
* * * LOW HITPOINT WARNING * * *
The orc misses you. Something hits you.
* * * LOW HITPOINT WARNING * * *
You feel drained.
* * * LOW HITPOINT WARNING * * *
The orc hits you with a +0 falchion.
* * * LOW HITPOINT WARNING * * *
Something hits you.
* * * LOW HITPOINT WARNING * * *
You feel drained.
* * * LOW HITPOINT WARNING * * *
The orc hits you with a +0 falchion.
You die...

............#......#
##.....#.#.##......#
.............######
............[.......
.............######.
.#####......#
#......# #########
#......###.......#
#........@o......#
#.........{......#
..##.......o......#
... #...............
.. #.....#.........
.......#.........
..#....:#........#
..#.....#.#####.##
##... #.# .#


You could see 2 orcs.

Vanquished Creatures
  A dart slug (D:1)
  2 ball pythons (D:1)
  4 bats (D:1)
  2 endoplasms
  4 giant cockroaches
  3 goblins
  4 hobgoblins (D:1)
  3 kobolds
  2 quokkas (D:1)
25 creatures vanquished.

Notes
Turn   | Place    | Note
-------+----------+-------------------------------------------
     0 | D:1      | Orban the Demonspawn Berserker began the quest for the Orb.
     0 | D:1      | Reached XP level 1. HP: 18/18 MP: 1/1
   363 | D:1      | Gained mutation: You have a small tail. [demonic ancestry]
   363 | D:1      | Reached XP level 2. HP: 24/24 MP: 2/2
   811 | D:1      | Reached XP level 3. HP: 29/29 MP: 3/3
   866 | D:1      | You fall into a shaft and drop 1 floor!
  1202 | D:2      | HP: 1/26 [something (1)]
  1202 | D:2      | Slain by an orc

Illustrated notes

Levels and vault maps discovered:
D:1:      lordsloth_arrival_two_stooges, layout_basic, minmay_surrounded
D:2:      layout_basic, uniq_sigmund

Skill      XL: |  1  2 |
---------------+-------+-----
Maces & Flails | 3 |  3.1
Dodging        | 2 |  2.0
Fighting       | |  3.6
Armour         | |  1.8
Stealth        | |  0.2

Action                   || total
-------------------------++-------
Melee: Mace              ||    65
       Tailslap          ||     2
Invok: Berserk           ||     4
  Use: Potion            ||     1
 Stab: Sleeping          ||     1
Armor: Animal skin       ||    16
Dodge: Dodged            ||    45
